 Dungeon Crawl Stone Soup version 0.27.1-34-g3ba077fa99 (webtiles) character file.

Game seed: 16388093433340107922

3110 greenreed the Quickloader (level 9, -15/71 HPs)
             Began as a Gnoll Hunter on Jan 2, 2022.
             Was a Believer of Yredelemnul.
             Demolished by a two-headed ogre (20 damage)
             ... on level 6 of the Dungeon.
             The game lasted 00:55:20 (7521 turns).

greenreed the Quickloader (Gnoll Hunter)            Turns: 7521, Time: 00:55:23

Health: -15/71     AC:  4    Str: 13    XL:     9   Next: 91%
Magic:  16/16      EV: 18    Int: 11    God:    Yredelemnul [**....]
Gold:   290        SH:  0    Dex: 14    Spells: 13/17 levels left

rFire    . . .     SeeInvis .   C - +2 spear (vorpal)
rCold    . . .     Faith    .   (no shield)
rNeg     . . .     Spirit   .   c - +0 leather armour
rPois    .         Reflect  .   (no helmet)
rElec    .         Harm     .   (no cloak)
rCorr    .         Rampage  .   A - +0 pair of gloves
Will     .....                  (no boots)
Stlth    +++.......             f - amulet of regeneration
HPRegen  1.21/turn              e - +4 ring of evasion
MPRegen  0.15/turn              x - ring of wizardry

@: no status effects
A: fangs 1, strong nose, distributed training
a: Renounce Religion, Animate Remains, Recall Undead Slaves, Injury Mirror


You were on level 6 of the Dungeon.
You worshipped Yredelemnul.
Yredelemnul was pleased with you.
You visited 2 branches of the dungeon, and saw 8 of its levels.

You collected 290 gold pieces.

Inventory:

Hand Weapons
 a - a +1 hand crossbow
 b - a +0 short sword
 u - a +0 halberd
 C - a +2 vorpal spear (weapon)
Missiles
 g - 8 atropa-tipped darts
 t - 7 boomerangs
 w - a bolt
 H - 8 throwing nets
Armour
 c - a +0 leather armour (worn)
 s - a +0 ring mail
 A - a +0 pair of gloves (worn)
 F - a +0 kite shield
Jewellery
 e - a +4 ring of evasion (left hand)
 f - an amulet of regeneration (around neck)
 x - a ring of wizardry (right hand)
 E - a +6 ring of dexterity
Wands
 o - a wand of flame (41) (quivered)
 r - a wand of mindburst (9)
 y - a wand of digging (2)
 I - a wand of iceblast (2)
Scrolls
 m - 2 scrolls of brand weapon
 n - 2 scrolls of blinking {unknown}
 p - 2 scrolls of identify
 q - a scroll of torment {unknown}
 z - a scroll of acquirement {unknown}
 B - a scroll of amnesia {unknown}
 G - 2 scrolls of enchant armour {unknown}
Potions
 d - 2 potions of heal wounds {unknown}
 h - a potion of haste {unknown}
 i - a potion of invisibility {unknown}
 j - a potion of degeneration {unknown}
 k - 2 potions of flight {unknown}
 l - a potion of curing
 v - a potion of berserk rage {unknown}
 D - a potion of lignification {unknown}


   Skills:
 + Level 6.6 Fighting
 + Level 4.7 Short Blades
 + Level 4.7 Long Blades
 + Level 4.7 Axes
 + Level 4.7 Maces & Flails
 + Level 4.7 Polearms
 + Level 4.7 Staves
 + Level 4.7 Slings
 + Level 4.7 Bows
 + Level 9.7 Crossbows
 + Level 4.7 Throwing
 + Level 4.7 Armour
 + Level 6.6 Dodging
 + Level 5.3 Stealth
 + Level 4.7 Shields
 + Level 4.7 Unarmed Combat
 + Level 4.7 Spellcasting
 + Level 3.9 Conjurations
 + Level 3.9 Hexes
 + Level 3.9 Summonings
 + Level 3.9 Necromancy
 + Level 3.9 Translocations
 + Level 3.9 Transmutations
 + Level 3.9 Fire Magic
 + Level 3.9 Ice Magic
 + Level 3.9 Air Magic
 + Level 3.9 Earth Magic
 + Level 3.9 Poison Magic
 + Level 5.1 Invocations
 + Level 4.7 Evocations


You had 13 spell levels left.
You knew the following spells:

 Your Spells              Type           Power      Damage    Failure   Level
a - Shock                 Conj/Air       44%        1d5       2%          1
b - Swiftness             Air            11%        N/A       7%          3

Your spell library contained the following spells:

 Spells                   Type           Power      Damage    Failure   Level
 Airstrike                Air            5%         N/A       22%         4


Dungeon Overview and Level Annotations

Branches:
Dungeon (7/15)             Temple (1/1) D:6

Altars:
Ashenzari
Dithmenos
Elyvilon
Fedhas
Gozag
Hepliaklqana
Kikubaaqudgha
Makhleb
Okawaru
Qazlal
Ru
Sif Muna
Trog
Xom
Yredelemnul
Zin
The Shining One

Shops:
D:2 *   D:3 ?*[

Annotations:
D:5 exclusion: troll
D:7 1 transporter


Innate Abilities, Weirdness & Mutations

You have very sharp teeth.
Your uncanny sense of smell can sniff out nearby items.
Your experience applies equally to all skills.


Message History

There is a stone staircase leading down here.
You swap places.
Your rat zombie bites the two-headed ogre but does no damage.
The two-headed ogre barely misses your gnoll zombie.
The two-headed ogre hits your gnoll zombie with a +0 giant club.
Your gnoll zombie hits the two-headed ogre but does no damage.
You see here a +0 ring mail.
What are your orders? t - Bark!
Orders for allies: a - Attack new target. r - Retreat! s - Stop attacking. g - Guard the area. f - Follow me.
Anything else - Cancel.
Gang up on whom?
Press: ? - help, Dir - move target, f - two-headed ogre
Aim: a two-headed ogre, wielding two +0 giant clubs (ally target) Attack!
Your gnoll zombie closely misses the two-headed ogre.
Your rat zombie bites the two-headed ogre but does no damage.
The two-headed ogre hits your gnoll zombie with a +0 giant club!
Your gnoll zombie is destroyed!
Your gnoll zombie hits the two-headed ogre but does no damage.
Your rat zombie bites the two-headed ogre.
The two-headed ogre hits your gnoll shaman zombie with a +0 giant club!
Your gnoll shaman zombie is destroyed!
Your gnoll zombie hits the two-headed ogre.
Your rat zombie bites the two-headed ogre but does no damage.
The two-headed ogre hits your gnoll zombie with a +0 giant club!!
Your gnoll zombie is destroyed!
Your gnoll zombie hits the two-headed ogre but does no damage.
Your rat zombie bites the two-headed ogre but does no damage.
Your gnoll zombie hits the two-headed ogre from afar with a +0 halberd.
Your gnoll zombie hits the two-headed ogre but does no damage.
Your rat zombie barely misses the two-headed ogre.
Your gnoll zombie hits the two-headed ogre with a +0 halberd!
The two-headed ogre hits you with a +0 giant club!
* * * LOW HITPOINT WARNING * * *
The two-headed ogre hits you with a +0 giant club!!
You die...
Your body rises from the dead as a mindless zombie.

#.#######.....##...# #..
###..##..##....####.## #..
#.........#......##.#####.
###.##.................###
#.######.....#..≈§≈..# # ### ###
####..#.≈≈§§≈.### ♣♣P♣♣#♣#♣♣##
######..##≈≈≈≈≈≈≈#ZZ
PP..≈PPP#PP♣♣#.##......≈§§>Z§≈Z..
#.....#P.PPPP#Z[@...##.§≈≈≈§≈§Z#.
Z......#..P.♣#ZO##......≈≈§≈≈ZZ#.
Z..§...#...P♣#Z.#...#....§≈≈...#.
Z......#..##♣##..#..#............
#.....#...# #..##..##...........
PP...P###.♣ #......##.....^.....
###♣♣P♣ #♣♣ #....#####.#........
### #..### ###........ ####
#..........


You could see a two-headed ogre (ally target), a friendly rat zombie and 2
friendly gnoll zombies.

Vanquished Creatures
  Eustachio (D:5)
  A water moccasin (D:5)
  Duvessa (D:5)
  An ice beast (D:6)
  An orc warrior (D:7)
  2 wolves (D:6)
  An ogre (D:5)
  A necrophage (D:4)
  A phantom (D:2)
  A kobold brigand (D:6)
  A bullfrog (D:6)
  Blork the orc (D:4)
  3 gnoll sergeants (D:6)
  2 scorpions
  Dowan (D:5)
  A water moccasin zombie (D:6)
  A howler monkey (D:5)
  A centaur zombie (D:6)
  A centaur skeleton (D:5)
  A jelly (D:6)
  14 hounds
  An orc priest (D:3)
  2 bullfrog skeletons
  2 gnoll shamans (D:6)
  Jessica (D:3)
  Terence (D:2)
  An iguana (D:5)
  Natasha (thrice) (D:4)
  7 orc wizards
  3 hound skeletons
  19 gnolls
  9 adders
  A howler monkey skeleton (D:3)
  A shadow imp (D:4)
  An ufetubus (D:7)
  An adder zombie (D:3)
  An adder skeleton (D:5)
  A worm (D:4)
  3 dart slugs
  14 orcs
  5 endoplasms
  2 giant cockroaches
  3 goblins
  11 hobgoblins
  8 jackals
  9 kobolds
  5 quokkas
  7 ball pythons
  2 ball python zombies (D:3)
  4 bats
  5 frilled lizards
  4 rats
175 creatures vanquished.

Vanquished Creatures (collateral kills)
  Grum (D:6)
  A kobold brigand (D:7)
  A gnoll shaman (D:6)
  3 gnolls (D:6)
  An adder (D:5)
  A frilled lizard (D:6)
  3 kobolds (D:6)
  A rat (D:6)
12 creatures vanquished.

Vanquished Creatures (others)
  A wolf zombie (D:6)
  3 frilled lizard skeletons (D:6)
  A frilled lizard zombie (D:6)
  8 gnoll zombies (D:6)
  2 hound zombies (D:6)
  A howler monkey zombie (D:5)
  A jackal zombie (D:6)
  3 kobold zombies
  5 orc zombies
  2 rat skeletons (D:6)
  12 plants
39 creatures vanquished.

Grand Total: 226 creatures vanquished

Notes
Turn   | Place    | Note
-------+----------+-------------------------------------------
     0 | D:1      | greenreed the Gnoll Hunter began the quest for the Orb.
     0 | D:1      | Reached XP level 1. HP: 20/20 MP: 1/1
    65 | D:1      | Reached XP level 2. HP: 26/26 MP: 2/2
   260 | D:1      | Reached XP level 3. HP: 31/31 MP: 3/3
   930 | D:2      | Found a faded altar of an unknown god.
   938 | D:2      | Reached skill level 1 in Invocations
   952 | D:2      | Found Vubb's General Store.
   989 | D:2      | Reached skill level 1 in Short Blades
   989 | D:2      | Reached skill level 1 in Long Blades
   989 | D:2      | Reached skill level 1 in Axes
   989 | D:2      | Reached skill level 1 in Maces & Flails
   989 | D:2      | Reached skill level 1 in Polearms
   989 | D:2      | Reached skill level 1 in Staves
   989 | D:2      | Reached skill level 1 in Slings
   989 | D:2      | Reached skill level 1 in Bows
   989 | D:2      | Reached skill level 1 in Throwing
   989 | D:2      | Reached skill level 1 in Armour
   989 | D:2      | Reached skill level 1 in Shields
   989 | D:2      | Reached skill level 1 in Unarmed Combat
   989 | D:2      | Reached skill level 1 in Spellcasting
   989 | D:2      | Reached skill level 1 in Evocations
  1039 | D:2      | Noticed a phantom
  1050 | D:2      | Killed a phantom
  1051 | D:2      | Reached skill level 1 in Conjurations
  1051 | D:2      | Reached skill level 1 in Hexes
  1051 | D:2      | Reached skill level 1 in Summonings
  1051 | D:2      | Reached skill level 1 in Necromancy
  1051 | D:2      | Reached skill level 1 in Translocations
  1051 | D:2      | Reached skill level 1 in Transmutations
  1051 | D:2      | Reached skill level 1 in Fire Magic
  1051 | D:2      | Reached skill level 1 in Ice Magic
  1051 | D:2      | Reached skill level 1 in Air Magic
  1051 | D:2      | Reached skill level 1 in Earth Magic
  1051 | D:2      | Reached skill level 1 in Poison Magic
  1051 | D:2      | Reached XP level 4. HP: 29/38 MP: 4/6
  1051 | D:2      | Reached XP level 5. HP: 33/43 MP: 4/7
  1562 | D:3      | Noticed Terence
  1571 | D:2      | Killed Terence
  1603 | D:3      | Found Yhathac's Assorted Antiques.
  1632 | D:3      | Found Wemeg's Magic Scroll Shoppe.
  1691 | D:3      | Learned a level 1 spell: Shock
  1695 | D:3      | Learned a level 3 spell: Swiftness
  1901 | D:3      | Reached XP level 6. HP: 37/50 MP: 3/8
  2044 | D:3      | Noticed Jessica
  2137 | D:3      | Killed Jessica
  2138 | D:3      | Reached skill level 5 in Fighting
  2138 | D:3      | Reached skill level 5 in Dodging
  2311 | D:3      | Found Torphoshri's Armour Emporium.
  2629 | D:4      | Noticed Blork the orc
  2633 | D:4      | Found a shadowy altar of Dithmenos.
  2802 | D:4      | Found a white marble altar of Elyvilon.
  2844 | D:4      | HP: 2/51 [Blork the orc/magic dart (8)]
  2847 | D:4      | Killed Blork the orc
  2848 | D:4      | Reached XP level 7. HP: 6/56 MP: 10/10
  3079 | D:4      | Noticed Natasha
  3124 | D:4      | You fall into a shaft and drop 3 floors!
  3124 | D:7      | Found a transporter.
  3142 | D:6      | Found a staircase to the Ecumenical Temple.
  3160 | Temple   | Entered the Ecumenical Temple
  3483 | Temple   | Became a worshipper of Yredelemnul the Dark
  3544 | D:5      | Entered Level 5 of the Dungeon
  3616 | D:5      | Reached skill level 9 in Crossbows
  3908 | D:4      | Killed Natasha
  4015 | D:4      | Noticed Natasha
  4026 | D:4      | Killed Natasha
  4117 | D:4      | Noticed Natasha
  4130 | D:4      | Killed Natasha
  4131 | D:4      | Reached XP level 8. HP: 43/63 MP: 12/12
  4229 | D:4      | Found a shimmering blue altar of Sif Muna.
  4313 | D:5      | Noticed Dowan
  4316 | D:5      | Noticed Duvessa
  4333 | D:5      | Killed Duvessa
  4369 | D:5      | Killed Dowan
  4464 | D:5      | Noticed a troll
  4694 | D:5      | Reached * piety under Yredelemnul
  4885 | D:5      | Noticed Eustachio
  4989 | D:5      | Killed Eustachio
  5467 | D:6      | Reached XP level 9. HP: 69/69 MP: 14/14
  6014 | D:6      | Noticed Grum
  6027 | D:6      | Killed Grum
  6174 | D:6      | Reached skill level 5 in Stealth
  6369 | D:6      | Reached ** piety under Yredelemnul
  6454 | D:6      | Reached skill level 5 in Invocations
  6985 | D:6      | Found a hazy altar of Hepliaklqana.
  7429 | D:7      | Noticed a two-headed ogre
  7521 | D:6      | Demolished by a two-headed ogre

Illustrated notes

Levels and vault maps discovered:
D:1:      mainiacjoe_arrival_reflecting_pool, layout_basic, serial_rivers,
          chequers_serial_rivers_micro_b, chequers_serial_rivers_micro_d,
          chequers_serial_rivers_large_a, chequers_serial_rivers_micro_d,
          chequers_serial_rivers_micro_c
D:2:      layout_loops_ring, serial_shops, nicolae_shop_stone,
          hellmonk_ecumenical_altar_crossroads, kennysheep_another_room
D:3:      layout_rooms, serial_undead, serial_undead_e, serial_undead_b,
          serial_undead_c, serial_undead_a, serial_shops, shop, shop, shop,
          uniq_terence, uniq_jessica
D:4:      layout_cave_pools, nicolae_dithmenos_through_a_glass_darkly,
          lemuel_blue_sif_altar, lemuel_doored_altar, enter_ossuary_5,
          hangedman_decor_growths, st_stairs_9, uniq_natasha, uniq_blork_the_orc
D:5:      layout_loops_corners, kennysheep_boxes, uniq_eustachio, uniq_duvessa
D:6:      layout_cave_pools, worldfamousw_hep_ancestral_shrine,
          minmay_temple_entry_mist, serial_gnoll_camp, grums_kennel,
          gnoll_camp_huts_basic, gnoll_camp_medium_01,
          gnoll_camp_mini_loothouse, gnoll_camp_mini_basic,
          corexii_leaking_fountain, lexackson_kobold_supper
D:7:      minmay_the_grid_octo_2x2 [minmay_the_grid_octo_vomiting_pacman,
          minmay_the_grid_octo_tetromino_candy, minmay_the_grid_octo_empty,
          minmay_the_grid_octo_prize_square_snowflake], layout_rooms,
          gammafunk_ghost_gnarly_gnolls
Temple:   oiseaux_autumnal_temple

Skill      XL: |  1  2  3  4  5  6  7  8  9 |
---------------+----------------------------+-----
Invocations    | 1 2 3 4 5 |  5.1
Short Blades   | 1 2 3 4 |  4.7
Long Blades    | 1 2 3 4 |  4.7
Axes           | 1 2 3 4 |  4.7
Maces & Flails | 1 2 3 4 |  4.7
Polearms       | 1 2 3 4 |  4.7
Staves         | 1 2 3 4 |  4.7
Slings         | 1 2 3 4 |  4.7
Bows           | 1 2 3 4 |  4.7
Throwing       | 1 2 3 4 |  4.7
Armour         | 1 2 3 4 |  4.7
Shields        | 1 2 3 4 |  4.7
Unarmed Combat | 1 2 3 4 |  4.7
Spellcasting   | 1 2 3 4 |  4.7
Evocations     | 1 2 3 4 |  4.7
Conjurations   | 1 2 3 |  3.9
Hexes          | 1 2 3 |  3.9
Summonings     | 1 2 3 |  3.9
Necromancy     | 1 2 3 |  3.9
Translocations | 1 2 3 |  3.9
Transmutations | 1 2 3 |  3.9
Fire Magic     | 1 2 3 |  3.9
Ice Magic      | 1 2 3 |  3.9
Air Magic      | 1 2 3 |  3.9
Earth Magic    | 1 2 3 |  3.9
Poison Magic   | 1 2 3 |  3.9
Stealth        | 3 4 5 |  5.3
Fighting       | 5 6 |  6.6
Dodging        | 5 6 |  6.6
Crossbows      | 9 |  9.7

Action                   |  1- 3 |  4- 6 |  7- 9 || total
-------------------------+-------+-------+-------++-------
Melee: Short sword       |       |    88 |   112 ||   200
       Bite              |       |    10 |    58 ||    68
       Halberd           |       |       |   278 ||   278
       Punch             |       |       |     6 ||     6
       Spear             |       |       |   293 ||   293
 Fire: Hand crossbow     |    60 |    56 |     3 ||   119
Throw: Boomerang         |       |     2 |       ||     2
 Cast: Shock             |       |    57 |    37 ||    94
       Swiftness         |       |       |     7 ||     7
Invok: Animate Remains   |       |       |    32 ||    32
       Recall Undead Sla |       |       |     2 ||     2
Evoke: Wand              |       |     7 |     6 ||    13
  Use: Potion            |       |     2 |     3 ||     5
       Scroll            |       |       |     3 ||     3
 Stab: Sleeping          |       |     2 |     5 ||     7
       Distracted        |       |       |     5 ||     5
Armor: Leather armour    |     2 |    23 |   103 ||   128
Dodge: Dodged            |    15 |   114 |   690 ||   819
